 Dungeon Crawl Stone Soup version 0.25.0-9-g26727b6 (webtiles) character file.

Game seed: 3830727637537492867

42 shmeve the Skirmisher (level 3, 0/33 HPs)
             Began as a Minotaur Berserker on June 22, 2020.
             Was a Follower of Trog.
             Slain by Grinder (4 damage)
             ... on level 3 of the Dungeon.
             The game lasted 00:02:04 (1115 turns).

shmeve the Skirmisher (Minotaur Berserker)          Turns: 1115, Time: 00:02:04

Health: 0/33       AC: 10    Str: 21    XL:     3   Next: 33%
Magic:  2/2        EV:  8    Int:  5    God:    Trog [*.....]
Gold:   126        SH:  0    Dex:  9    Spells: 2/2 levels left

rFire    . . .     SeeInvis .   a - +0 hand axe
rCold    . . .     Gourm    .   (no shield)
rNeg     . . .     Faith    .   d - +0 chain mail
rPois    .         Spirit   .   (helmet restricted)
rElec    .         Reflect  .   (no cloak)
rCorr    .         Harm     .   k - +0 pair of gloves
MR       ++...                  (no boots)
Stlth    ..........             m - amulet of regeneration
HPRegen  1.51/turn              (no ring)
MPRegen  0.08/turn              (no ring)

@: berserk cooldown, regenerating, slowed, very slow
A: retaliatory headbutt, horns 2
a: Berserk, Renounce Religion


You were on level 3 of the Dungeon.
You worshipped Trog.
Trog was aware of your devotion.
You were very hungry.

You visited 1 branch of the dungeon, and saw 3 of its levels.

You collected 126 gold pieces.

Inventory:

Hand Weapons
 a - a +0 hand axe (weapon)
Missiles
 f - 2 boomerangs (quivered)
Armour
 d - a +0 chain mail (worn)
 k - a +0 pair of gloves (worn)
Jewellery
 m - an amulet of regeneration (around neck)
Scrolls
 g - 4 scrolls of identify {unknown}
 h - a scroll of fog {unknown}
 n - a scroll of noise {unknown}
Potions
 e - a potion of curing {unknown}
 i - a potion of lignification {unknown}
 j - a potion of brilliance {unknown}
 l - a potion of resistance {unknown}
Comestibles
 b - a chunk of flesh
 c - 6 rations


   Skills:
 * Level 4.2 Fighting
 * Level 4.2 Axes
 + Level 0.6 Throwing
 + Level 2.8 Armour
 + Level 2.6 Dodging


You had 2 spell levels left.
You didn't know any spells.
Your spell library was empty.

Dungeon Overview and Level Annotations

Branches:
Dungeon (3/15)

Altars:
The Shining One

Annotations:
D:3 Grinder


Innate Abilities, Weirdness & Mutations

You reflexively headbutt those who attack you in melee.
You have a pair of horns on your head.


Message History

Grinder says, "Don't move a muscle."
Grinder hits you.
You closely miss Grinder.
Grinder is severely wounded.
Grinder says, "Wait up."
Grinder hits you.
You hit Grinder. Your headbutt misses Grinder.
Grinder is severely wounded.
Grinder hits you.
You writhe in agony.
* * * LOW HITPOINT WARNING * * *
Grinder hits you.
* * * LOW HITPOINT WARNING * * *
You writhe in agony.
* * * LOW HITPOINT WARNING * * *
Your skin crawls.
You feel resistant to hostile enchantments.
You are feeling very hungry.
You can no longer call upon Trog for regeneration and magic resistance.
Grinder hits you but does no damage. Grinder hits you.
You die...

#.# ##..## #.###
#...# #...# ##..#
#.((# #..## #.(.#
#...####
#...#####<#..).#
#......##.####.......
#...##.......########
#...# ##@5..# #.).#
#.##....#
#...#####.####....#
#...........# ##...#
####>.......# ..#
#........## .#
#............ .
#........###.
##########


You could see Grinder.

Vanquished Creatures
  An ooze (D:2)
  A worm (D:2)
  3 dart slugs
  4 hobgoblins
  3 bats
  A frilled lizard (D:1)
  8 goblins
  3 kobolds (D:1)
  7 rats
31 creatures vanquished.

Notes
Turn   | Place    | Note
-------+----------+-------------------------------------------
     0 | D:1      | shmeve the Minotaur Berserker began the quest for the Orb.
     0 | D:1      | Reached XP level 1. HP: 19/19 MP: 0/0
    48 | D:1      | Found a glowing golden altar of the Shining One.
    78 | D:1      | Reached XP level 2. HP: 27/27 MP: 1/1
   608 | D:2      | Reached ** piety under Trog
   759 | D:2      | Reached XP level 3. HP: 33/33 MP: 2/2
  1099 | D:3      | Noticed Grinder
  1115 | D:3      | Slain by Grinder

Illustrated notes

Levels and vault maps discovered:
D:1:      mrwooster_arrival_arrow, layout_basic, tso_metal_star
D:2:      layout_rooms, st_stairs_7
D:3:      cheibrodos_helix_gallery, layout_rooms, ebering_ghost_sewer_d,
          uniq_grinder

Skill      XL: |  1  2 |
---------------+-------+-----
Axes           | 4 |  4.2
Fighting       | 4 |  4.2
Throwing       | |  0.6
Armour         | |  2.8
Dodging        | |  2.6

Action                   || total
-------------------------++-------
Melee: Hand axe          ||    59
       Headbutt          ||    11
Throw: Boomerang         ||     1
Invok: Trog's Hand       ||     2
       Berserk           ||     1
  Eat: Chunk             ||     1
Armor: Chain mail        ||    48
Dodge: Dodged            ||    27
